 Dungeon Sprint DCSS version 0.31.0-9-g3a7656b989 (webtiles) character file.

Game seed: 17740201593755563485

12189 Heoruswealwe the Phalangite (level 11, -16/118 HPs)
             Began as a Minotaur Fighter on Feb 1, 2024.
             Was an Initiate of Gozag.
             Demolished by an orc knight
             ... wielding a +2 dire flail
              (36 damage)
             ... in the Dungeon (Sprint IX: "|||||||||||||||||||||||||||||").
             The game lasted 00:12:21 (1884 turns).

Heoruswealwe the Phalangite (Minotaur Fighter)      Turns: 1884, Time: 00:12:22

Health: -16/118    AC: 21    Str: 28    XL:     11   Next: 59%
Magic:  10/10      EV:  8    Int:  5    God:    Gozag
Gold:   6309       SH:  0    Dex: 10    Spells: 10/10 levels left

rFire   . . .        b - +2 halberd (venom)
rCold   . . .        (shield currently unavailable)
rNeg    . . .        c - +0 plate armour
rPois   .            (helmet restricted)
rElec   .            (no cloak)
rCorr   .            f - +0 pair of gloves
SInv    .            e - +0 pair of boots
Will    .....        (no amulet) Stlth
                     k - +3 ring of strength
HPRegen 0.39/turn    (no ring)
MPRegen 0.12/turn

%: no teleportation
@: hasted, very quick
A: horns 2, retaliatory headbutt
a: Renounce Religion, Potion Petition, Call Merchant, Bribe Branch


You were in the Dungeon.
You worshipped Gozag.
Gozag was greatly pleased with you.
You visited 1 branch You collected 6309 gold pieces.

Inventory:

Hand Weapons
 a - a +0 trident
 b - a +2 halberd of venom (weapon)
Armour
 c - a +0 plate armour (worn)
 d - a +2 kite shield
 e - a +0 pair of boots (worn)
 f - a +0 pair of gloves (worn)
Jewellery
 k - a +3 ring of strength (left hand)
Talismans
 p - a flux talisman
Wands
 h - a wand of light (10)
Scrolls
 j - 3 scrolls of blinking
 q - 2 scrolls of enchant armour
 r - 2 scrolls of enchant weapon
Potions
 g - a potion of haste
 l - a potion of resistance
 m - a potion of might
 o - a potion of mutation


   Skills:
 + Level 17.7 Fighting
 * Level 23.8 Polearms
 + Level 17.7 Armour
 - Level 3.6 Shields


You had 10 spell levels left.
You didn't know any spells.
Your spell library contained the following spells:

 Spells                   Type           Power      Damage    Failure   Level
 Static Discharge         Conj/Air       0%         3-3/arc   99%         2
 Airstrike                Air            0%         2d(0-16)  100%        4
 Summon Lightning Spire   Summ/Air       0%         N/A       100%        4


Dungeon Overview and Level Annotations

Branches:
Dungeon (1/1)

Altars:
Cheibriados
Dithmenos
Elyvilon
Fedhas
Gozag
Hepliaklqana
Kikubaaqudgha
Makhleb
Nemelex Xobeh
Okawaru
Qazlal
Ru
Sif Muna
Trog
Uskayaw
Vehumet
Wu Jian
Xom
Yredelemnul
Zin
The Shining One
Jiyva
Lugonu

Shops:
D :


Innate Abilities, Weirdness & Mutations

You have a pair of horns on your head.
You reflexively headbutt those who attack you in melee.


Message History

You puncture the orc high priest!
You kill the orc high priest!
The orc knight is distracted by your dazzling golden aura.
The orc knight is no longer distracted by gold.
The orc high priest mumbles some strange prayers to Beogh against you.
Beogh smites you!
* * * LOW HITPOINT WARNING * * *
You hit the orc knight.
The orc knight is poisoned.
The orc knight is lightly wounded.
You puncture the orc knight!
The orc knight looks as sick as possible!
Your headbutt misses the orc knight.
The orc knight is moderately wounded.
The orc knight no longer looks unusually strong.
The orc knight hits you but does no damage.
You impale the orc knight!!
The orc knight looks as sick as possible!
The orc knight is severely wounded.
The orc high priest no longer looks unusually strong.
The orc knight hits you with a +2 dire flail!
* * * LOW HITPOINT WARNING * * *
The orc knight roars a battlecry!
The orcs go into a battle-frenzy!
You feel much better.
The orc knight hits you with a +2 dire flail!
* * * LOW HITPOINT WARNING * * *
You hit the orc knight but do no damage.
You headbutt the orc knight!
The orc knight is almost dead.
An orc knight comes into view. It is wielding a +3 vampiric war axe.
The orc knight hits you with a +2 dire flail!!
* * * LOW HITPOINT WARNING * * *
You feel better.
The orc knight shouts!
The orc knight barely misses you.
You feel yourself speed up.
The orc knight no longer looks unusually strong.
The orc knight hits you with a +2 dire flail!!!
You die...
Your body crumbles into a pile of gold.

▓.▓.▓.▓.▓_▓
▓.▓.▓.▓.▓_▓
▓.▓.▓.▓.▓_▓
▓.▓.▓.▓.▓_▓
▓.▓.▓.▓.▓_▓
▓.▓.▓.▓.▓_▓
▓.▓.▓.▓.▓_▓
▓.▓.▓.▓.▓_▓
▓@▓.▓.▓.▓_▓
▓o▓.▓'▓.▓'▓
▓3▓.▓.▓.▓!▓
▓o▓.▓.▓.▓?▓
▓o▓.▓.▓.▓)▓
▓o▓.▓.▓.▓[▓
▓o▓.▓.▓.▓[▓
▓o▓.▓.▓.▓=▓
▓.▓.▓.▓.▓


You could see 4 orc knights, 2 orc high priests and a sun demon (summoned).

Vanquished Creatures
  Erolcha (D)
  A hydra (D)
  2 orc high priests (D)
  A skyshark (D)
  3 orc knights (D)
  A deep elf pyromancer (D)
  2 ugly things (D)
  7 cane toads (D)
  A komodo dragon (D)
  2 trolls (D)
  A queen bee (shapeshifter) (D)
  5 polar bears (D)
  A shadow (D)
  A yak (D)
  A basilisk (D)
  A wyvern (D)
  An acid dragon (D)
  2 water moccasins (D)
  11 orc warriors (D)
  3 black bears (D)
  A wolf (D)
  A centaur (D)
  2 bullfrogs (D)
  A gnoll sergeant (D)
  A hound (D)
  A jelly (D)
  4 orc priests (D)
  An iguana (D)
  7 orc wizards (D)
  A white imp (D)
  4 orcs (D)
  An endoplasm (D)
  A giant cockroach (D)
  A bat (D)
  2 kobolds (D)
77 creatures vanquished.

Notes
Turn   | Place    | Note
-------+----------+-------------------------------------------
     0 | D        | Heoruswealwe the Minotaur Fighter began the quest for the
                  | Orb.
     0 | D        | Reached XP level 1. HP: 19/19 MP: 0/0
     6 | D        | Reached skill level 3 in Polearms
    19 | D        | Noticed an iguana
    19 | D        | Noticed a jelly
    19 | D        | Noticed a hound
    26 | D        | Killed an iguana
    27 | D        | Reached skill level 5 in Fighting
    27 | D        | Reached skill level 5 in Polearms
    27 | D        | Reached skill level 5 in Armour
    27 | D        | Reached XP level 2. HP: 29/29 MP: 1/1
    27 | D        | Reached XP level 3. HP: 36/36 MP: 2/2
    30 | D        | Reached skill level 6 in Polearms
    33 | D        | Reached skill level 7 in Polearms
    35 | D        | Reached XP level 4. HP: 23/45 MP: 3/3
    43 | D        | Found a snail-covered altar of Cheibriados.
    43 | D        | Found a shadowy altar of Dithmenos.
    43 | D        | Found a white marble altar of Elyvilon.
    43 | D        | Found a blossoming altar of Fedhas.
    43 | D        | Found an opulent altar of Gozag.
    44 | D        | Found a hazy altar of Hepliaklqana.
    45 | D        | Found a viscous altar of Jiyva.
    46 | D        | Found an ancient bone altar of Kikubaaqudgha.
    47 | D        | Found a corrupted altar of Lugonu.
    48 | D        | Found a burning altar of Makhleb.
    49 | D        | Found a sparkling altar of Nemelex Xobeh.
    50 | D        | Found an iron altar of Okawaru.
    51 | D        | Became a worshipper of Gozag Ym Sagoz the Greedy
    52 | D        | Found a stormy altar of Qazlal.
    53 | D        | Found a sacrificial altar of Ru.
    54 | D        | Found a shimmering blue altar of Sif Muna.
    55 | D        | Found a bloodstained altar of Trog.
    56 | D        | Found a hide-covered altar of Uskayaw.
    57 | D        | Found a radiant altar of Vehumet.
    58 | D        | Found an ornate altar of the Wu Jian Council.
    59 | D        | Found a shimmering altar of Xom.
    60 | D        | Found a basalt altar of Yredelemnul.
    61 | D        | Found a glowing silver altar of Zin.
    62 | D        | Found a glowing golden altar of the Shining One.
   118 | D        | Noticed a centaur
   118 | D        | Noticed a troll
   118 | D        | Noticed a shadow
   118 | D        | Noticed an acid dragon
   122 | D        | Killed a centaur
   123 | D        | Reached skill level 9 in Polearms
   123 | D        | Reached XP level 5. HP: 52/52 MP: 4/4
   127 | D        | Reached skill level 10 in Polearms
   134 | D        | Killed a troll
   135 | D        | Reached skill level 12 in Polearms
   135 | D        | Reached XP level 6. HP: 18/64 MP: 5/5
   147 | D        | Killed a shadow
   148 | D        | Reached skill level 10 in Fighting
   148 | D        | Reached skill level 13 in Polearms
   148 | D        | Reached skill level 10 in Armour
   148 | D        | Reached XP level 7. HP: 31/72 MP: 6/6
   304 | D        | Noticed a troll
   304 | D        | Noticed a queen bee
   304 | D        | Noticed a red ugly thing
   304 | D        | Noticed a deep elf pyromancer
   304 | D        | Noticed a brown ugly thing
   307 | D        | Killed a troll
   308 | D        | Reached skill level 14 in Polearms
   310 | D        | Noticed a fire elemental
   311 | D        | Killed a queen bee
   312 | D        | Reached skill level 15 in Polearms
   312 | D        | Reached XP level 8. HP: 57/82 MP: 7/7
   324 | D        | Killed a brown ugly thing
   325 | D        | Reached skill level 16 in Polearms
   330 | D        | Killed a brown ugly thing
   335 | D        | Killed a deep elf pyromancer
   336 | D        | Reached skill level 17 in Polearms
   336 | D        | Reached XP level 9. HP: 28/93 MP: 8/8
   653 | D        | Noticed a cane toad
   653 | D        | Noticed a cane toad
   653 | D        | Noticed a cane toad
   656 | D        | Noticed a cane toad
   661 | D        | Killed a cane toad
   662 | D        | Reached skill level 18 in Polearms
   669 | D        | Noticed a four-headed hydra
   670 | D        | Killed a cane toad
   675 | D        | Killed a cane toad
   880 | D        | Reached skill level 19 in Polearms
   885 | D        | Killed an eight-headed hydra
   886 | D        | Reached XP level 10. HP: 104/104 MP: 9/9
   888 | D        | Killed a cane toad
   939 | D        | Noticed a cane toad
   939 | D        | Noticed a skyshark
   939 | D        | Noticed a cane toad
   939 | D        | Noticed a cane toad
   947 | D        | Killed a cane toad
   948 | D        | Reached skill level 15 in Fighting
   948 | D        | Reached skill level 20 in Polearms
   950 | D        | Killed a skyshark
   951 | D        | Reached skill level 15 in Armour
   954 | D        | Killed a cane toad
   960 | D        | Killed a cane toad
   969 | D        | Reached skill level 21 in Polearms
  1169 | D        | Reached XP level 11. HP: 86/115 MP: 10/10
  1178 | D        | Reached skill level 22 in Polearms
  1305 | D        | Noticed Erolcha
  1315 | D        | Killed Erolcha
  1610 | D        | Noticed an orc knight
  1611 | D        | Noticed an orc knight
  1627 | D        | Killed an orc knight
  1635 | D        | Killed an orc knight
  1643 | D        | Reached skill level 23 in Polearms
  1852 | D        | Found Jepneg's Book Emporium.
  1852 | D        | Noticed an orc knight
  1852 | D        | Noticed an orc high priest
  1852 | D        | Noticed an orc high priest
  1852 | D        | Noticed an orc knight
  1852 | D        | Noticed an orc high priest
  1853 | D        | Noticed an orc knight
  1855 | D        | Noticed an orc knight
  1863 | D        | Killed an orc knight
  1871 | D        | Killed an orc high priest
  1875 | D        | Noticed an orc high priest
  1876 | D        | Noticed a sun demon
  1876 | D        | Killed an orc high priest
  1882 | D        | Noticed an orc knight
  1884 | D        | Demolished by an orc knight

Illustrated notes

Levels and vault maps discovered:
D:        linesprint [early_d, line_temple, items_1, d_10, items_2, lair_1,
          lair_end, items_3, orc_1, orc_end, items_4, d_15, swamp_1, shoals_1,
          snake_1, spider_1, d_20, vaults_1, items_5, swamp_end, shoals_end,
          snake_end, spider_end, vaults_end, d_27, items_6, zot_1, zot_end,
          crypt_end, forest_end, elf_end, slime_end, tomb_end, abyss_end,
          pan_hell_end]

Skill      XL: |  1  2  3  4  5  6  7  8  9 10 11 |
---------------+----------------------------------+-----
Polearms       | 5 7 9 12 13 15 17 19 21 23 | 23.8
Fighting       | 5 6 7 9 10 11 13 14 16 17 | 17.7
Armour         | 5 6 7 9 10 11 13 14 16 17 | 17.7
Shields        | |  3.6

Action                     |  1- 3 |  4- 6 |  7- 9 | 10-12 || total
---------------------------+-------+-------+-------+-------++-------
  Melee: Trident           |    19 |     2 |       |       ||    21
         Headbutt          |     3 |     4 |    15 |    34 ||    56
         Halberd           |       |    26 |    62 |   180 ||   268
    Use: Potion            |     1 |     2 |     5 |     4 ||    12
   Stab: Distracted        |       |       |     1 |     2 ||     3
 Armour: Scale mail        |    12 |       |       |       ||    12
         Plate armour      |       |    32 |    42 |    96 ||   170
  Dodge: Dodged            |     3 |    10 |     4 |    34 ||    51
  Block: Buckler           |     3 |       |       |       ||     3
